 Dungeon Crawl Stone Soup version 0.26-a0-259-g1effd001a9 (webtiles) character file.

Game seed: 12006403611352976696

1825423 bmfx the Slayer (level 27, 240/240 HPs)
             Began as a Human Wanderer on July 23, 2020.
             Was a High Priest of Okawaru.
             Escaped with the Orb
             ... and 3 runes!
             The game lasted 02:33:21 (62563 turns).

bmfx the Slayer (Human Wanderer)                   Turns: 62563, Time: 02:33:22

Health: 240/240    AC: 41    Str: 20    XL:     27
Magic:  35/35      EV: 28    Int: 18    God:    Okawaru [*****.]
Gold:   2130       SH:  0    Dex: 25    Spells: 21/26 levels left

rFire    + + +     SeeInvis +   a - +8 storm bow {god gift, elec, penet}
rCold    + + +     Faith    .   (shield currently unavailable)
rNeg     + . .     Spirit   +   j - +5 plate armour {MR+}
rPois    +         Reflect  .   g - +2 helmet of the Marlin {god gift, rPois rN+}
rElec    .         Harm     +   H - +1 cloak "Mismemn" {SInv Stlth+}
rCorr    .                      Y - +0 pair of gloves "Sakhloffa" {Harm Regen+ Dex+5 Stlth+}
MR       ++++.                  x - +2 pair of boots {Fly} {god gift}
Stlth    +.........             F - amulet "Ysiet" {Spirit rC+ Slay+3}
HPRegen  0.90/turn              S - ring "Earthly Heaven" {rF+ Dex+9}
MPRegen  0.24/turn              f - ring "Nameh" {rPois rF++ rC++ MR+}

@: heroism, finesse
A: clumsy 1, fire resistance 1, MP-powered wands
0: Orb of Zot
}: 3/15 runes: serpentine, barnacled, silver
a: Heroism, Finesse, Renounce Religion, Evoke Flight


You escaped.
You worshipped Okawaru.
Okawaru was extremely pleased with you.
You were very full.

You visited 10 branches of the dungeon, and saw 50 of its levels.
You also visited: Sewer, Ossuary, Ice Cave and Volcano.

You collected 8406 gold pieces.
You spent 6276 gold pieces at shops.


Innate Abilities, Weirdness & Mutations

You are clumsy. (Dex -2)
Your flesh is heat resistant. (rF+)
You expend magic power (3 MP) to strengthen your wands.

Dungeon Overview and Level Annotations

Branches:
Dungeon (15/15)            Temple (1/1) D:4            Lair (6/6) D:11
 Shoals (4/4) Lair:3        Snake (4/4) Lair:2        Slime (0/5) Lair:5
    Orc (2/2) D:10            Elf (3/3) Orc:2        Vaults (5/5) D:13
  Crypt (0/3) Vaults:2     Depths (5/5) D:15            Zot (5/5) Depths:5
  Sewer (visited)         Ossuary (visited)           IceCv (visited)
Volcano (visited)

Altars:
Dithmenos
Elyvilon
Gozag
Makhleb
Okawaru
Qazlal
Sif Muna
Trog
Vehumet
Wu Jian
Xom
Zin
The Shining One
Beogh

Shops:
D:2 *   D:7 *   D:8 :   Orc:2 *(*?(   Elf:1 (   Elf:2 (   Shoals:1 *
Shoals:3 !   Snake:2 =   Vaults:1 *   Vaults:5 ?%??!!!   Depths:1 *
Depths:3 }?*?   Depths:5 =}}

Portals:
Hell: Depths:1 Depths:2 Depths:3 Depths:4 Depths:5
Abyss: Depths:3 Depths:4
Pandemonium: Depths:3 Depths:4
Ziggurat: Depths:5

Annotations:
D:7 3 runed translucent doors, tognito's ghost, novice MiBe
Shoals:4 Roxanne
Elf:2 3 runed translucent doors
Vaults:1 3 runed translucent doors, exclusion: obsidian statue, Oginikid's ghost, adept GnGl
Depths:2 3 runed translucent doors, Hexiuplu's ghost, adept SpEn


   Skills:
 + Level 24.4(27) Fighting
   Level 2.0(7.0) Maces & Flails
 - Level 22.0(27) Bows
 - Level 4.0(9.0) Throwing
 - Level 22.0(27) Armour
 - Level 22.0(27) Dodging
 - Level 1.0(6.0) Stealth
 - Level 8.0(13.0) Unarmed Combat
 - Level 8.0 Hexes
 - Level 8.0 Translocations
 - Level 16.0 Invocations
 - Level 12.0 Evocations


You had 21 spell levels left.
You knew the following spells:

 Your Spells              Type           Power        Failure   Level
b - Blink                 Tloc           N/A          5%          2
A - Portal Projectile     Hex/Tloc       ####..       11%         3

Your spell library contained the following spells:

 Spells                   Type           Power        Failure   Level
 Corona                   Hex            ####...      3%          1
 Slow                     Hex            ####....     5%          2
 Confusing Touch          Hex            ####....     11%         3
 Gell's Gravitas          Tloc           ####......   11%         3
 Tukima's Dance           Hex            ####....     11%         3
 Ensorcelled Hibernation  Hex/Ice        ##....       26%         2
 Shroud of Golubria       Chrm/Tloc      ##....       26%         2
 Cause Fear               Hex            ####......   34%         4
 Dazzling Flash           Conj/Hex       ##....       47%         3
 Inner Flame              Hex/Fire       ##......     47%         3
 Spectral Weapon          Hex/Chrm       ##......     47%         3
 Animate Skeleton         Necr           #.....       67%         1
 Foxfire                  Conj/Fire      #...         67%         1
 Freeze                   Ice            #...         67%         1
 Infusion                 Chrm           #...         67%         1
 Magic Dart               Conj           #...         67%         1
 Pain                     Necr           #...         67%         1
 Shock                    Conj/Air       #...         67%         1
 Sting                    Tmut/Pois      #...         67%         1
 Call Imp                 Summ           #.......     80%         2
 Corpse Rot               Necr/Air       N/A          80%         2
 Passwall                 Tmut/Erth      #.......     80%         2
 Poisonous Vapours        Pois/Air       #.....       80%         2
 Song of Slaying          Chrm           #.......     80%         2
 Sublimation of Blood     Necr           #.........   80%         2
 Swiftness                Chrm/Air       #.......     80%         2
 Leda's Liquefaction      Hex/Erth       ##........   87%         4
 Conjure Flame            Conj/Fire      #.......     95%         3
 Frozen Ramparts          Ice            #.....       95%         3
 Ignite Poison            Fire/Tmut/Pois #.......     95%         3
 Mephitic Cloud           Conj/Pois/Air  #.......     95%         3
 Ozocubu's Armour         Chrm/Ice       #.......     95%         3
 Static Discharge         Conj/Air       #.......     95%         3
 Metabolic Englaciation   Hex/Ice        ##........   99%         5
 Silence                  Hex/Air        ##........   99%         5
 Yara's Violent Unravell  Hex/Tmut       ##........   99%         5
 Dispersal                Tloc           ####......   99%         6
 Airstrike                Air            #.........   100%        4
 Animate Dead             Necr           #.........   100%        4
 Dispel Undead            Necr           #.......     100%        4
 Hailstorm                Conj/Ice       #.......     100%        4
 Ice Form                 Ice/Tmut       #.......     100%        4
 Olgreb's Toxic Radiance  Pois           #.......     100%        4
 Petrify                  Tmut/Erth      #.......     100%        4
 Sticky Flame             Conj/Fire      #.......     100%        4
 Summon Ice Beast         Ice/Summ       #.......     100%        4
 Summon Lightning Spire   Summ/Air       #.......     100%        4
 Agony                    Necr           #.......     100%        5
 Alistair's Intoxication  Tmut/Pois      #.......     100%        5
 Blade Hands              Tmut           #.........   100%        5
 Bolt of Magma            Conj/Fire/Erth #.........   100%        5
 Excruciating Wounds      Chrm/Necr      #.........   100%        5
 Fireball                 Conj/Fire      #.........   100%        5
 Irradiate                Conj/Tmut      #.........   100%        5
 Iskenderun's Battlesphe  Conj/Chrm      #.......     100%        5
 Lightning Bolt           Conj/Air       #.........   100%        5
 Conjure Ball Lightning   Conj/Air       #.........   100%        6
 Hydra Form               Tmut           #.........   100%        6
 Iron Shot                Conj/Erth      #.........   100%        6
 Ozocubu's Refrigeration  Ice            #.........   100%        6
 Statue Form              Tmut/Erth      #........    100%        6
 Dragon Form              Tmut           #.........   100%        7
 Malign Gateway           Summ/Tloc      ##........   100%        7
 Orb of Destruction       Conj           #.........   100%        7
 Spellforged Servitor     Conj/Summ      #.........   100%        7
 Tornado                  Air            #.........   100%        9

Action                   |  1- 3 |  4- 6 |  7- 9 | 10-12 | 13-15 | 16-18 | 19-21 | 22-24 | 25-27 || total
-------------------------+-------+-------+-------+-------+-------+-------+-------+-------+-------++-------
Melee: Dagger            |    81 |       |       |       |       |       |       |       |       ||    81
       Unarmed           |    34 |   308 |   456 |   313 |       |       |       |       |       ||  1111
       Punch             |     1 |     7 |    11 |    20 |       |       |       |       |       ||    39
 Fire: Shortbow          |       |       |       |   138 |       |       |       |       |       ||   138
       Longbow           |       |       |       |   265 |   765 |   955 |  1143 |  1052 |  2133 ||  6313
Throw: Stone             |    62 |   119 |   237 |   191 |       |       |       |       |       ||   609
       Dart              |       |       |    12 |    14 |       |       |       |       |       ||    26
 Cast: Blink             |       |       |       |       |       |       |     4 |       |     7 ||    11
Invok: Heroism           |       |       |     7 |    11 |    20 |    27 |    21 |    19 |    43 ||   148
       Finesse           |       |       |       |       |     5 |     6 |     9 |    12 |    28 ||    60
 Abil: Stop Flying       |       |       |       |       |       |     1 |       |       |       ||     1
Evoke: Wand              |       |       |       |     9 |     4 |     5 |     2 |       |    13 ||    33
       Tin of tremorston |       |       |       |       |       |       |       |       |     2 ||     2
       Phantom mirror    |       |       |       |       |       |       |       |       |     1 ||     1
  Use: Scroll            |     3 |     3 |     5 |    22 |     9 |    11 |     5 |    14 |    27 ||    99
       Potion            |       |       |     3 |     3 |     2 |     3 |     1 |     1 |    20 ||    33
  Eat: Ration            |     1 |     3 |     5 |     6 |     7 |     8 |     6 |     6 |    13 ||    55
Armor: Ring mail         |    45 |    62 |       |       |       |       |       |       |       ||   107
       Robe              |     1 |       |       |       |       |       |       |       |       ||     1
       Animal skin       |       |    28 |   137 |    36 |       |       |       |       |       ||   201
       Skin              |       |       |    20 |    14 |     4 |       |       |       |       ||    38
       Steam dragon scal |       |       |       |    75 |    37 |       |       |       |       ||   112
       Plate armour      |       |       |       |       |    49 |   189 |   176 |   116 |   269 ||   799
Dodge: Dodged            |    51 |   111 |   195 |   360 |   124 |   121 |   119 |   140 |   463 ||  1684

Skill      XL: |  1  2  3  4  5  6  7  8  9 10 11 12 13 14 15 16 17 18 19 20 21 22 23 24 25 26 27 |
---------------+----------------------------------------------------------------------------------+-----
Unarmed Combat | 5 6 8 |  8.0
Throwing       | 3 4 |  4.0
Fighting       | 3 5 6 9 10 12 14 15 16 18 19 20 24 | 24.4
Invocations    | 4 5 8 9 13 16 | 16.0
Evocations     | 1 5 12 | 12.0
Dodging        | 5 7 10 13 14 16 22 | 22.0
Armour         | 2 5 6 9 10 12 14 15 16 20 22 | 22.0
Bows           | 7 11 14 17 18 20 22 | 22.0
Translocations | 6 8 |  8.0
Hexes          | 4 8 |  8.0
Maces & Flails | |  2.0
Stealth        | |  1.0

Inventory:

Hand Weapons
 a - the +8 storm bow (weapon) {god gift, elec, penet}
   (Okawaru gifted it to you on level 5 of the Vaults)

   It charges the ammunition it shoots with electricity; occasionally upon a
   hit, such missiles may discharge and cause terrible harm.
   Ammo fired by it will pass through the targets it hits, potentially hitting
   all targets in its path until it reaches maximum range.
 w - a +9 longbow of freezing {god gift}
Missiles
 b - 20 curare-tipped darts {!f}
 h - 12 throwing nets {!f}
 n - 1558 arrows (quivered)
Armour
 g - the +2 helmet of the Marlin (worn) {god gift, rPois rN+}
   (Okawaru gifted it to you on level 3 of the Elven Halls)

   It protects you from poison.
   It protects you from negative energy.
 j - a +5 plate armour of magic resistance (worn)
 x - a +2 pair of boots of flying (worn) {god gift}
 H - the +1 cloak "Mismemn" (worn) {SInv Stlth+}
   (You acquired it on level 3 of the Depths)

   It lets you see invisible.
   It makes you more stealthy.
 Y - the +0 pair of gloves "Sakhloffa" (worn) {Harm Regen+ Dex+5 Stlth+}
   (You found it on level 5 of the Lair of Beasts)

   It affects your dexterity (+5).
   It increases your rate of regeneration.
   It increases damage dealt and taken.
   It makes you more stealthy.
Jewellery
 f - the ring "Nameh" (right hand) {rPois rF++ rC++ MR+}
   (You found it on level 3 of the Elven Halls)

   [ring of protection from magic]

   It greatly protects you from fire.
   It greatly protects you from cold.
   It protects you from poison.
   It affects your resistance to hostile enchantments.
 y - an uncursed ring of resist corrosion
 F - the amulet "Ysiet" (around neck) {Spirit rC+ Slay+3}
   (You took it off an orc on level 8 of the Dungeon)

   [amulet of guardian spirit]

   It causes incoming damage to be split between your health and magic.
   It affects your accuracy and damage with ranged weapons and melee attacks
   (+3).
   It protects you from cold.
 I - an uncursed ring of protection from cold
 M - an uncursed ring of protection from magic
 S - the ring "Earthly Heaven" (left hand) {rF+ Dex+9}
   (You found it on level 3 of the Elven Halls)

   [ring of protection from fire]

   It affects your dexterity (+9).
   It protects you from fire.
Wands
 t - a wand of iceblast (40)
 A - a wand of acid (39)
 B - a wand of paralysis (22)
 D - a wand of digging (16)
 G - a wand of enslavement (7)
 J - a wand of disintegration (30)
 O - a wand of polymorph (13)
 T - a wand of clouds (10)
Scrolls
 e - 17 scrolls of remove curse {@r4}
 i - a scroll of enchant weapon
 k - 23 scrolls of teleportation {@r1}
 q - 12 scrolls of identify {@r3}
 r - a scroll of blinking {@r2}
 z - 4 scrolls of fog
 L - 12 scrolls of fear
 U - 6 scrolls of vulnerability
 W - 3 scrolls of holy word
 Z - a scroll of summoning
Potions
 c - 12 potions of curing {@q2}
 l - 4 potions of invisibility
 m - 7 potions of heal wounds {@q1}
 o - a potion of magic
 p - 9 potions of cancellation
 u - 5 potions of haste {@q4}
 v - 3 potions of mutation
 E - 6 potions of flight
 P - 4 potions of resistance
 R - 11 potions of might
 X - 2 potions of berserk rage
Miscellaneous
 s - a tin of tremorstones (3/3)
 C - 4 phantom mirrors
 K - a phial of floods
 Q - 4 boxes of beasts
 V - a lightning rod (4/4)
Comestibles
 d - 119 rations

#.>..................#...#..
#...........................
#....#.#..##.###.....#######
#.##.#.##)##..#+......#
#.##.#.##'###'##....#.##
######....#.#≈.§§≈.≈###.##..#
............#§§§≈§≈≈###.###.##
###########.#§§§..≈≈#........#
#...≈.@.≈...#####..#
###≈≈...§§### #..## #≈≈.≈.≈≈#
#...# #≈.≈§≈.§# #.#.#
##'###+## #.#.###
#.###.########....##
#)##..##............
#.........######..##
####......# #....


There were no monsters in sight!

Vanquished Creatures
  A seraph (D:13)
  2 orbs of fire (Zot:5)
  Mara (Vaults:4)
  12 ancient liches
  Sojobo (Vaults:5)
  2 pandemonium lords
  Frederick (Vaults:3)
  2 Killer Klowns (Zot:5)
  Vashnia (Snake:3)
  5 caustic shrikes
  5 curse toes
  Jory (Depths:4)
  A bone dragon (Depths:5)
  4 golden dragons
  A Brimstone Fiend (D:2)
  2 electric golems (Zot:5)
  A Hell Sentinel (Depths:5)
  Rupert (Vaults:3)
  3 liches
  15 tentacled monstrosities
  26 Orb Guardians
  2 titans
  2 deep elf blademasters (Elf:3)
  5 quicksilver dragons
  An Executioner (D:2)
  Polyphemus (Shoals:4)
  3 ancient champions
  2 deep elf master archers (Elf:3)
  4 death cobs
  4 sphinxes
  Agnes (Elf:1)
  2 krakens
  13 storm dragons
  9 tengu reavers
  10 nagarajas
  13 fire giants
  3 shadow dragons
  2 draconian monks (Zot:5)
  4 iron dragons
  4 ghost moths
  Louise (Depths:3)
  A balrug (D:2)
  13 vault wardens
  4 draconian knights
  Aizul (Shoals:2)
  5 deep elf sorcerers
  5 draconian shifters
  7 frost giants
  9 draconian scorchers
  6 draconian annihilators
  The ghost of Cuev the Devastator, a journeyman DrCj of Vehumet (D:13)
  A war gargoyle (Vaults:5)
  3 deep elf elementalists
  5 spriggan defenders
  21 very ugly things
  11 ironheart preservers
  4 draconian stormcallers
  32 stone giants
  8 deep elf demonologists
  An entropy weaver (Vaults:4)
  6 purple draconians
  5 deep elf annihilators
  9 green draconians
  3 vampire knights
  6 black draconians
  8 red draconians
  6 yellow draconians
  A spark wasp (shapeshifter) (Depths:4)
  4 spark wasps
  7 white draconians
  The ghost of jt the Blocker, a journeyman OpWz of Nemelex Xobeh (Orc:2)
  10 deep elf death magi
  2 blizzard demons (IceCv)
  A crystal guardian (Vaults:4)
  2 merfolk javelineers
  6 merfolk impalers (Shoals:4)
  3 jiangshi (Depths:4)
  19 ettins
  A quicksilver dragon zombie (Vaults:5)
  13 fire dragons
  8 great orbs of eyes
  3 deep elf high priests
  14 yaktaur captains
  23 vault guards (Vaults:5)
  10 rakshasas
  23 ogre magi
  Fannar (Lair:3)
  11 hydras
  9 merfolk avatars
  8 ice dragons
  A monstrous demonspawn (Depths:3)
  4 spriggan air magi
  2 alligator snapping turtles
  19 naga warriors
  60 two-headed ogres
  11 centaur warriors
  3 catoblepae
  A two-headed ogre (shapeshifter) (Elf:3)
  14 anacondas
  2 death knights
  12 dancing weapons
  3 satyrs
  7 deep troll shamans
  7 death yaks
  3 merfolk aquamancers (Shoals:4)
  3 vampire magi
  11 deep troll earth magi
  9 shock serpents
  16 hell knights
  7 spriggans
  3 tengu warriors
  2 spriggan berserkers
  2 storm dragon zombies
  16 naga sharpshooters
  2 titan skeletons (Vaults:5)
  An iron troll (shapeshifter) (Depths:2)
  10 deep elf knights
  A shadow wraith (Vaults:4)
  3 salamander mystics
  A cherub (D:13)
  27 deep trolls
  A glowing orange brain (shapeshifter) (Depths:3)
  6 glowing orange brains
  An unseen horror (D:14)
  21 sea snakes
  2 flayed ghosts
  5 phantasmal warriors
  3 wizards
  4 naga ritualists
  A tengu zombie (Vaults:5)
  11 deep elf archers
  19 ironbrand convokers
  6 lindwurms
  Pikel (D:8)
  A wolf spider zombie (D:15)
  9 harpies
  11 orc knights
  A sphinx zombie (Vaults:5)
  An oklob plant (Lair:6)
  13 necromancers
  4 wolf spiders
  75 ugly things
  13 fauns
  5 orc sorcerers
  7 mana vipers
  A shadow dragon skeleton (Vaults:4)
  5 cyclopes
  14 salamanders
  10 manticores
  A faun (shapeshifter) (Vaults:4)
  A human zombie (Vaults:3)
  50 deep elf magi
  2 sphinx skeletons (Vaults:3)
  9 moths of wrath
  7 water nymphs
  An elephant (shapeshifter) (D:15)
  7 merfolk sirens
  2 torpor snails (Lair:6)
  2 stone giant skeletons (Vaults:4)
  A frost giant skeleton (Vaults:5)
  38 black mambas
  16 vault sentinels
  Joseph (D:10)
  A centaur zombie (D:15)
  2 rust devils
  16 naga magi
  12 elephants
  A guardian serpent (shapeshifter) (Vaults:1)
  An eye of devastation (shapeshifter) (Depths:4)
  9 guardian serpents
  A fire giant skeleton (Vaults:5)
  18 cane toads
  2 kobold demonologists (D:12)
  Maggie (D:9)
  3 ice statues (IceCv)
  3 gargoyles
  44 yaktaurs
  7 freezing wraiths
  7 komodo dragons
  An efreet (Volcano)
  A komodo dragon (shapeshifter) (Depths:4)
  A hellion (Depths:3)
  3 anaconda simulacra (IceCv)
  2 hellwings
  3 rime drakes (Lair:6)
  11 ice devils
  A queen bee (D:10)
  3 golden dragon simulacra
  A meliai (shapeshifter) (Depths:4)
  An elf skeleton (Vaults:5)
  A polar bear (Lair:4)
  4 harpy zombies
  A red devil (Depths:3)
  A jumping spider (shapeshifter) (Depths:2)
  2 tengu conjurers
  12 hornets
  9 trolls
  A queen bee (shapeshifter) (Vaults:5)
  20 merfolk
  A hornet (shapeshifter) (Elf:1)
  A jumping spider (Vaults:4)
  4 wind drakes
  A sphinx simulacrum (Vaults:4)
  6 dream sheep (Lair:5)
  8 blink frogs
  18 slime creatures
  5 snapping turtles
  15 hippogriffs
  2 blink frogs (shapeshifter)
  An ettin skeleton (Vaults:2)
  3 redbacks (Vaults:4)
  A redback (shapeshifter) (Depths:4)
  A vampire (D:14)
  7 air elementals
  3 wraiths
  24 yaks
  A yak (shapeshifter) (Vaults:3)
  A dire elephant simulacrum (IceCv)
  A shadow (D:11)
  6 wyverns
  An elf zombie (Depths:4)
  Grum (D:10)
  16 water elementals
  3 fire elementals
  3 basilisks
  A neqoxec (Depths:3)
  3 vampire mosquitoes
  A human (shapeshifter) (Depths:3)
  A warg (shapeshifter) (Depths:4)
  Menkaure (D:6)
  4 wargs
  2 harpy simulacra (IceCv)
  4 acid dragons
  2 iron troll simulacra (IceCv)
  49 nagas
  A soldier ant (shapeshifter) (Vaults:5)
  A floating eye (Depths:2)
  8 porcupines
  12 water moccasins
  A hydra simulacrum (IceCv)
  A deep troll skeleton (Vaults:5)
  5 ice beasts
  3 sky beasts
  38 orc warriors
  61 ogres
  2 black bears
  A necrophage (D:15)
  3 phantoms
  2 eyes of draining
  12 boggarts
  20 wolves
  14 centaurs
  7 crocodiles
  2 lemures (D:8)
  2 hippogriff zombies (Shoals:4)
  2 big kobolds (D:12)
  17 bullfrogs
  5 earth elementals
  A wyvern skeleton (D:8)
  3 scorpions
  A scorpion (shapeshifter) (Vaults:5)
  19 killer bees
  The ghost of PIKKUHERKKO the Chopper, a weakling DsGl (D:6)
  5 howler monkeys
  An electric eel (Lair:1)
  2 crimson imps (Depths:4)
  2 bullfrog zombies
  5 hounds
  28 orc priests
  7 jellies
  3 bullfrog skeletons
  3 centaur skeletons
  3 iguanas
  27 orc wizards
  12 worker ants
  A killer bee zombie (D:9)
  5 human simulacra
  A hound skeleton (D:4)
  8 mummies (Ossuary)
  2 worker ant zombies (D:7)
  Robin (D:4)
  18 adders
  4 gnolls (D:7)
  3 white imps
  An ufetubus (D:9)
  20 oozes
  2 adder skeletons
  3 worms
  A worm (shapeshifter) (Vaults:4)
  A dart slug (D:1)
  17 leopard geckos
  127 orcs
  15 ball pythons
  7 bats
  A bat zombie (Shoals:4)
  19 giant cockroaches
  A gnoll zombie (Ossuary)
  12 hobgoblins
  10 jackals
  4 quokkas
  15 frilled lizards
  13 goblins
  3 hobgoblin zombies (Ossuary)
  15 kobolds
  A leopard gecko skeleton (D:5)
  A leopard gecko zombie (D:5)
  4 orc zombies (Ossuary)
  A quokka zombie (D:5)
  2 rats (D:2)
  A crawling corpse (Vaults:5)
  5 tentacles
2284 creatures vanquished.

Vanquished Creatures (collateral kills)
  An ancient lich (Zot:5)
  A Killer Klown (Zot:5)
2 creatures vanquished.

Vanquished Creatures (others)
  An anaconda (Snake:2)
  A deep elf knight (Vaults:5)
  A vault sentinel (Vaults:5)
  An acid dragon (D:9)
  An orc (Vaults:3)
  14 fungi
  14 plants
  12 tentacles
  10 toadstools (D:3)
55 creatures vanquished.

Grand Total: 2341 creatures vanquished

Levels and vault maps discovered:
D:1:      ncdulo_lavacross, layout_basic
D:2:      layout_rooms, zin_purify, grunt_qazlal_clouds
D:3:      cheibrodos_fertilizer, layout_basic
D:4:      layout_loops_corners, grunt_temple_overflow_diamond,
          minmay_temple_entry_mini_moons, minmay_crystal_room, uniq_robin
D:5:      cheibrodos_helix_gallery, layout_basic, lemuel_doored_altar,
          first_ration, hangedman_decor_push
D:6:      layout_loops_corners, gammafunk_ghost_split, basic_altar,
          gup_sewer_entry_glass, uniq_menkaure
D:7:      layout_rooms, gammafunk_ghost_nasty_kobolds, serial_shops, shop_statue
D:8:      layout_rooms, kennysheep_little_box, serial_shops, shop,
          chequers_ossuary_entry_cave, uniq_pikel
D:9:      layout_basic, special_room [special_room_orc], uniq_maggie
D:10:     layout_long_grid, orc_0_dummy, david_nohive_1, bh_circular_ruins,
          uniq_joseph, uniq_grum
D:11:     layout_stronghold, lair_entry_dummy, basic_altar
D:12:     layout_loops_cross
D:13:     layout_loops_ring, skrybe_vaults_entry_preservation,
          biasface_ghost_orc_armoury
D:14:     layout_layer_cave, special_room [special_room_orc],
          minmay_starry_boxes
D:15:     grunt_enter_depths_snipers, layout_cave_pools,
          grunt_decor_mini_mirrors, minivault_13
Temple:   regret_index_temple_generic_petals
Lair:1:   layout_misc_corridors, serial_bayou_lagoon_a,
          chequers_serial_rivers_small_b, grunt_megastairs_2,
          infiniplex_staircase_pool, serial_bayou_shore_b
Lair:2:   layout_chaotic_city, dummy_snake_entry, ldierk_geyser,
          minmay_lindwurm_lava
Lair:3:   layout_small_grid, minmay_shoals_entry_beasts,
          nicolae_volcano_entry_s_turn, uniq_fannar
Lair:4:   layout_cave_pods, grunt_megastairs_5
Lair:5:   layout_loops_ring, slime_dummy, grunt_megastairs_1
Lair:6:   hangedman_lair_caniforms_friends, layout_loops_ring,
          hangedman_lair_in_review, basic_altar, serial_bayou_pond_c
Shoals:1: layout_shoals, serial_shops, nicolae_shop_crystal
Shoals:2: layout_shoals, lemuel_oklob_altar, uniq_aizul
Shoals:3: layout_shoals, serial_shops, nicolae_shop_behind_doors
Shoals:4: shoals_end_hangedman, layout_shoals, nicolae_shoals_undead_eyrie,
          uniq_polyphemus, uniq_roxanne
Snake:1:  layout_chambers
Snake:2:  layout_cave_town, serial_shops, shop, st_stairs_8, grunt_ministairs_4,
          nicolae_large_snake_swirl
Snake:3:  layout_layer_cave, nicolae_snake_double_loop, uniq_vashnia
Snake:4:  grunt_snake_rune_pools, layout_misc_corridors, lemuel_fruit_tree
Orc:1:    layout_diamond_mine
Orc:2:    st_orc_ogre_mass, layout_caves, serial_shops, shop_fountains,
          ebering_ghost_reflecting_pool
Elf:1:    layout_loops_ring, serial_shops, shop,
          portal_ice_cave_entry_pillars_three, hangedman_corner_corridor,
          uniq_agnes
Elf:2:    layout_geoelf_octagon, serial_shops, shop
Elf:3:    elf_hall_gauntlet_wide, layout_geoelf_octagon, drop_trap, hex_tiny,
          st_stairs_12, grunt_ministairs_10, minivault_14, uniq_louise
Vaults:1: ebering_vaults_ghost_gozag, ontoclasm_vaults_shuriken,
          vaults_mumra_minichess, nicolae_vaults_little_ls, v_misc_27, v_misc_9,
          layout_vaults_omnigrid
Vaults:2: ontoclasm_vaults_tryst, vaults_room_ringed_pool, v_rooms_3,
          ontoclasm_vaults_spin, ontoclasm_vaults_fault,
          minmay_crypt_entry_simple_statues, v_misc_5,
          grunt_vaults_hallway_short, vaults_standard_mumra_enter_the_diamond,
          nicolae_vaults_rhombus_7, nicolae_vaults_little_squares_3,
          layout_vaults_big_room
Vaults:3: sword_in_stone, v_misc_17, v_pattern_4, ontoclasm_vaults_eye,
          hangedman_vaults_capsules, vaults_room_octagon,
          ontoclasm_vaults_ligature, v_misc_14, v_alt_pattern_4, v_misc_22,
          vaults_room_corners, vaults_room_semicircle,
          ontoclasm_vaults_ring_small, nicolae_vaults_asterisk,
          layout_vaults_ring
Vaults:4: grunt_vaults_funneled_arena, nicolae_vaults_rhombus_7,
          nicolae_vaults_puzzle_piece, hangedman_vaults_stream,
          grunt_vaults_diagonal, ontoclasm_vaults_pinch, v_rooms_6,
          nicolae_vaults_mini_display_case, nicolae_vaults_yaktaur_gun_rack,
          vaults_room_fours, nicolae_vaults_little_squares_4, vaults_dpeg_ring,
          layout_vaults_omnicross, uniq_mara
Vaults:5: serial_shops, uniq_sojobo
Depths:1: layout_cave_pools, grunt_metal_band, minmay_stone_trees_small,
          drop_trap, chequers_serial_rivers_micro_d, guppyfry_shop_venom
Depths:2: minmay_the_grid_4x2 [minmay_the_grid_all_tris,
          minmay_the_grid_minigrid_small_alt, minmay_the_grid_slots,
          minmay_the_grid_x, minmay_the_grid_tiny_cups,
          minmay_the_grid_holed_spiral, minmay_the_grid_fan,
          minmay_the_grid_prize_trominoes], layout_cave_shapes,
          biasface_ghost_demon_polymorph, hell_entry, minmay_splitting_lines
Depths:3: kennysheep_green_arena, layout_basic, serial_sigils_hangedman_quiver,
          rand_demon_pan_entry_3, grunt_hell_entry_dis_mu,
          nicolae_abyss_entry_one_way_or_another, minmay_misc_feat_columns,
          kennysheep_generic_room_6, infiniplex_staircase_zigzag_2,
          serial_bayou_shore_b, minmay_shoptagon
Depths:4: minmay_bubble_buster, layout_long_grid, serial_sigils,
          serial_sigils_hangedman_gnaw, serial_sigils_hangedman_confine,
          serial_sigils_hangedman_stare, serial_sigils_hangedman_gut,
          serial_sigils_hangedman_shear, columned_hall_lemuel,
          pf_dread_powers_of_hell, hangedman_abyss_entry_splay, pan_entry,
          uniq_jory, uniq_margery
Depths:5: grunt_zot_entry_funnels, layout_cave_pools, enter_ziggurat_a,
          chequers_hall_statues_wall_a, hangedman_coc_ice_floe, nrook_campfire,
          grunt_megastairs_3, minmay_shop_grove, infiniplex_staircase_pool_lava
Zot:1:    layout_concentric_octagons
Zot:2:    layout_basic
Zot:3:    layout_twisted_circle
Zot:4:    layout_cellular_growth
Zot:5:    layout_onion, guppyfry_library_mini


Message History

You kill Ricual!
Okawaru is honoured by your kill. Something appears at your feet!
Okawaru grants you ammunition!
The Ice Fiend disappears in a puff of smoke!
n - 1558 arrows (gained 33)
(D) Dungeon (T) Temple (L) Lair (A) Shoals (P) Snake Pit (M) Slime Pits (O) Orcish Mines (E) Elven Halls (V) Vaults (C) Crypt (U) Depths (H) Hell (Z) Zot
Where to? (Enter - D:1 @ (x,y), ? - help)
There is a stone staircase leading up here.
You climb upwards.
There is a stone staircase leading down here.
HP restored.
You see here a +0 club.
There is an open door, spattered with blood here.
Magic restored.
There is a staircase leading out of the dungeon here.
You have escaped!

Notes
Turn   | Place    | Note
-------+----------+-------------------------------------------
     0 | D:1      | bmfx the Human Wanderer began the quest for the Orb.
     0 | D:1      | bmfx set off with the following items: a +2 dagger, a
                  | curare-tipped dart, a potion of curing {@q2}, 2 rations, a
                  | +0 robe, a potion of lignification
     0 | D:1      | Reached XP level 1. HP: 15/15 MP: 1/1
   435 | D:1      | Reached XP level 2. HP: 17/21 MP: 2/2
   864 | D:1      | Reached XP level 3. HP: 22/26 MP: 3/3
  1496 | D:2      | Found Zin's Purification Station.
  1496 | D:2      | Found a glowing silver altar of Zin.
  1730 | D:2      | Found a stormy altar of Qazlal.
  1836 | D:2      | Reached XP level 4. HP: 28/32 MP: 4/4
  2068 | D:2      | Reached skill level 5 in Unarmed Combat
  3070 | D:3      | Reached XP level 5. HP: 23/37 MP: 5/5
  3967 | D:4      | Noticed an ogre
  4045 | D:4      | Reached XP level 6. HP: 41/43 MP: 6/6
  4196 | D:4      | Noticed Robin
  4234 | D:4      | Killed Robin
  4695 | D:4      | Found an ornate altar of the Wu Jian Council.
  4698 | D:4      | Found a shadowy altar of Dithmenos.
  4701 | D:4      | Found a shimmering altar of Xom.
  4782 | D:4      | Found a staircase to the Ecumenical Temple.
  4811 | Temple   | Entered the Ecumenical Temple
  4896 | Temple   | Became a worshipper of Warmaster Okawaru
  5250 | D:5      | Entered Level 5 of the Dungeon
  5251 | D:5      | You fall into a shaft and drop 1 floor!
  5416 | D:6      | Noticed a sky beast
  5453 | D:6      | Killed a sky beast
  5453 | D:6      | Reached XP level 7. HP: 43/48 MP: 7/7
  5458 | D:6      | Found a glowing drain.
  5505 | Sewer    | Entered a sewer
  6086 | Sewer    | Reached skill level 2 in Fighting
  6461 | D:6      | Noticed Menkaure
  6480 | D:6      | Killed Menkaure
  6480 | D:6      | Reached * piety under Okawaru
  6480 | D:6      | Reached skill level 3 in Fighting
  6480 | D:6      | Reached XP level 8. HP: 51/58 MP: 8/8
  6815 | D:5      | Reached skill level 1 in Invocations
  6929 | D:5      | Reached skill level 4 in Fighting
  7729 | D:5      | Found a radiant altar of Vehumet.
  8261 | D:6      | Found a runed translucent gate.
  8261 | D:6      | Found a runed translucent gate.
  8267 | D:6      | Found a runed translucent gate.
  8267 | D:6      | Noticed PIKKUHERKKO's ghost (weakling DsGl)
  8319 | D:6      | Found a bloodstained altar of Trog.
  8517 | D:6      | Identified the cursed +0 chain mail "Kuahoy" {rN+}
  8533 | D:6      | Reached skill level 5 in Fighting
  8904 | D:7      | Found a runed translucent gate.
  8904 | D:7      | Found a runed translucent gate.
  8904 | D:7      | Found a runed translucent gate.
  8908 | D:7      | Noticed a kobold demonologist
  8919 | D:7      | Identified the +4 whip of the Several Leylines {drain, +Fly
                  | rF+ MR+ Str-4}
  8921 | D:7      | Noticed tognito's ghost (novice MiBe)
  8921 | D:7      | Identified the +6 scale mail of Tartarus {rElec SInv}
  8955 | D:7      | Noticed a hippogriff
  8957 | D:7      | Reached ** piety under Okawaru
  8957 | D:7      | Reached skill level 1 in Evocations
  8963 | D:7      | Reached XP level 9. HP: 60/68 MP: 12/12
  9182 | D:7      | Noticed a hippogriff
  9191 | D:6      | Killed a hippogriff
  9467 | D:7      | Killed a hippogriff
  9467 | D:7      | Reached skill level 5 in Invocations
  9644 | D:7      | Found Urhar's General Store.
  9665 | D:7      | Bought a scroll of fear for 45 gold pieces
  9665 | D:7      | Bought a scroll of fog for 26 gold pieces
  9882 | D:8      | Reached skill level 6 in Fighting
  9892 | D:8      | Reached skill level 5 in Evocations
  9990 | D:8      | Reached skill level 1 in Dodging
 10280 | D:8      | Noticed Pikel
 10310 | D:8      | Killed Pikel
 10310 | D:8      | Reached *** piety under Okawaru
 10310 | D:8      | Reached skill level 5 in Dodging
 10310 | D:8      | Reached XP level 10. HP: 57/76 MP: 10/13
 10311 | D:8      | Found Fuutios's Book Boutique.
 10342 | D:8      | Found a sand-covered staircase.
 10350 | Ossuary  | Entered an ossuary
 10652 | Ossuary  | Received a gift from Okawaru
 10652 | Ossuary  | Reached skill level 1 in Bows
 10854 | Ossuary  | Identified a scroll of acquirement
 10854 | Ossuary  | Acquired the +2 hat "Jukoir" {Dex+8}
 11221 | D:8      | Noticed a two-headed ogre
 11233 | D:8      | Identified the amulet "Ysiet" {Spirit rC+ Slay+3}
 11234 | D:8      | Killed a two-headed ogre
 11267 | D:8      | Reached skill level 5 in Armour
 11403 | D:8      | Noticed a two-headed ogre
 11424 | D:8      | Killed a two-headed ogre
 11424 | D:8      | Reached **** piety under Okawaru
 11424 | D:8      | Reached skill level 5 in Bows
 11553 | D:8      | Found a white marble altar of Elyvilon.
 11703 | D:8      | Acquired the amulet of Music {Faith rPois Int+6}
 12727 | D:9      | Noticed Maggie
 12731 | D:9      | Killed Maggie
 12731 | D:9      | Reached XP level 11. HP: 81/81 MP: 14/14
 13113 | D:10     | Entered Level 10 of the Dungeon
 13130 | D:10     | Found a staircase to the Orcish Mines.
 13288 | D:10     | Noticed a two-headed ogre
 13294 | D:10     | Noticed Grum
 13311 | D:10     | Killed a two-headed ogre
 13311 | D:10     | Reached ***** piety under Okawaru
 13905 | D:10     | Killed Grum
 14144 | D:10     | Received a gift from Okawaru
 14253 | D:10     | Noticed Joseph
 14260 | D:10     | Killed Joseph
 14260 | D:10     | Reached skill level 10 in Bows
 14869 | D:11     | Found a burning altar of Makhleb.
 15001 | D:11     | Found a staircase to the Lair.
 15492 | D:11     | Noticed a two-headed ogre
 15502 | D:11     | Killed a two-headed ogre
 15916 | Lair:1   | Entered Level 1 of the Lair of Beasts
 15920 | Lair:1   | Reached XP level 12. HP: 88/88 MP: 15/15
 16155 | Lair:1   | Received a gift from Okawaru
 16751 | Lair:2   | Received a gift from Okawaru
 16768 | Lair:2   | Got a transparent shortbow {god gift}
 16769 | Lair:2   | Identified the +3 shortbow "Jellybane" {god gift, speed,
                  | rC- Str+4 Dex+2} (Okawaru gifted it to you on level 2 of
                  | the Lair of Beasts)
 16967 | Lair:2   | Noticed a five-headed hydra
 16972 | Lair:2   | Killed a five-headed hydra
 17174 | Lair:2   | Received a gift from Okawaru
 17196 | Lair:2   | Found a staircase to the Snake Pit.
 17435 | Lair:2   | Received a gift from Okawaru
 17436 | Lair:2   | Got a translucent ring mail {god gift}
 17447 | Lair:2   | Identified the +0 ring mail of Hopscotch {god gift, rPois
                  | rCorr Int-3 Dex+6} (Okawaru gifted it to you on level 2 of
                  | the Lair of Beasts)
 17865 | Lair:2   | Identified the Papyrus of Burning Cold
 17874 | Lair:2   | Got a scorched silver ring
 17891 | Lair:2   | Identified the ring of Irrepressible Laughter {Wiz rF+}
                  | (You found it on level 2 of the Lair of Beasts)
 17947 | Lair:3   | Reached XP level 13. HP: 88/93 MP: 16/16
 17979 | Lair:3   | Found a dark tunnel.
 17985 | Volcano  | Entered a volcano
 18011 | Volcano  | Noticed a stone giant
 18021 | Volcano  | Killed a stone giant
 18402 | Volcano  | Reached skill level 15 in Bows
 18515 | Lair:3   | Noticed Fannar
 18535 | Lair:3   | Killed Fannar
 18727 | Lair:3   | Found a staircase to the Shoals.
 19074 | Lair:3   | Received a gift from Okawaru
 19705 | Lair:4   | Received a gift from Okawaru
 20138 | Lair:4   | Reached XP level 14. HP: 100/100 MP: 17/17
 20747 | Lair:5   | Got a pair of fine gloves
 20758 | Lair:5   | Identified the +0 pair of gloves "Sakhloffa" {Harm Regen+
                  | Dex+5 Stlth+} (You found it on level 5 of the Lair of
                  | Beasts)
 20791 | Lair:5   | Found a staircase to the Slime Pits.
 20967 | Lair:5   | Received a gift from Okawaru
 21199 | Lair:6   | Entered Level 6 of the Lair of Beasts
 21492 | Lair:6   | Found a glowing golden altar of the Shining One.
 21522 | Lair:6   | Received a gift from Okawaru
 21613 | Lair:6   | Received a gift from Okawaru
 21924 | Lair:6   | Received a gift from Okawaru
 22062 | Lair:6   | Reached XP level 15. HP: 105/105 MP: 13/21
 22449 | D:6      | Killed PIKKUHERKKO's ghost
 22905 | D:12     | Received a gift from Okawaru
 23471 | D:13     | Found a runed translucent gate.
 23471 | D:13     | Found a runed translucent gate.
 23471 | D:13     | Found a runed translucent gate.
 23471 | D:13     | Identified the +4 chain mail of Liemapah {rElec rC- MP+9
                  | Int+5}
 23473 | D:13     | Noticed Cuev's ghost (journeyman DrCj)
 24059 | D:13     | Found a gate to the Vaults.
 24059 | D:13     | Noticed an ironheart preserver
 24068 | D:13     | Killed an ironheart preserver
 24164 | D:13     | Found a roughly hewn altar of Beogh.
 24208 | D:13     | Killed Cuev's ghost
 24208 | D:13     | Received a gift from Okawaru
 25684 | D:15     | Entered Level 15 of the Dungeon
 25986 | D:15     | Reached XP level 16. HP: 111/111 MP: 22/22
 26165 | D:15     | Found a staircase to the Depths.
 26311 | D:15     | Found a runed translucent door.
 26325 | D:15     | Received a gift from Okawaru
 26370 | D:15     | Noticed a sphinx
 26370 | D:15     | Noticed a frost giant
 26373 | D:15     | Killed a sphinx
 26373 | D:15     | Received a gift from Okawaru
 26377 | D:15     | Killed a frost giant
 26425 | D:15     | Received a gift from Okawaru
 26430 | D:15     | Got a transparent pewter ring
 26432 | D:15     | Identified the ring of Ixor {+Fly rPois rF+ Int+6 Dex-3}
                  | (You found it on level 15 of the Dungeon)
 26813 | Orc:1    | Entered Level 1 of the Orcish Mines
 27111 | Orc:2    | Entered Level 2 of the Orcish Mines
 27112 | Orc:2    | Found Wuezxeru's Antique Weapon Shoppe.
 27115 | Orc:2    | Found a staircase to the Elven Halls.
 27282 | Orc:2    | Received a gift from Okawaru
 27306 | Orc:2    | Received a gift from Okawaru
 27396 | Orc:2    | Found Naemoim's Magic Scroll Shoppe.
 27396 | Orc:2    | Found Dasukhlu's Weapon Shop.
 27396 | Orc:2    | Found Qacit's General Store.
 27396 | Orc:2    | Found Sedduoll's Assorted Antiques.
 27423 | Orc:2    | Bought a scroll labeled EDIKKU PYON for 27 gold pieces
 27423 | Orc:2    | Bought a scintillating marble ring for 135 gold pieces
 27427 | Orc:2    | Identified the ring "Sob Fior" {Wiz +Blink Int+3} (You
                  | bought it in a shop on level 2 of the Orcish Mines)
 27441 | Orc:2    | Bought a potion of heal wounds for 85 gold pieces
 27442 | Orc:2    | Bought a scroll of enchant armour for 120 gold pieces
 27442 | Orc:2    | Bought a scroll of fog for 32 gold pieces
 27443 | Orc:2    | Bought a scroll of acquirement for 884 gold pieces
 27443 | Orc:2    | Acquired a manual of Invocations
 27805 | Orc:2    | Found a runed translucent door.
 27870 | Orc:2    | Noticed jt's ghost (journeyman OpWz)
 28119 | Orc:1    | You fall into a shaft and drop 1 floor!
 28386 | Orc:2    | Bought a bronze ring for 135 gold pieces
 28391 | Orc:2    | Bought a scroll of enchant armour for 202 gold pieces
 28391 | Orc:2    | Bought a scroll of enchant armour for 202 gold pieces
 28437 | Orc:2    | Killed jt's ghost
 28618 | Shoals:1 | Entered Level 1 of the Shoals
 28689 | Shoals:1 | Reached XP level 17. HP: 77/119 MP: 10/24
 28691 | Shoals:1 | Reached skill level 7 in Fighting
 28966 | Shoals:1 | Noticed a kraken
 28976 | Shoals:1 | Killed a kraken
 28976 | Shoals:1 | Reached skill level 10 in Invocations
 29070 | Shoals:1 | Found Taaf's General Store.
 29331 | Shoals:2 | Noticed Aizul
 29347 | Shoals:2 | Killed Aizul
 30010 | Shoals:3 | Received a gift from Okawaru
 30145 | Shoals:3 | Reached skill level 8 in Fighting
 30164 | Shoals:3 | Found Acvo Lia's Distillery.
 30167 | Shoals:3 | Bought a potion of heal wounds for 85 gold pieces
 30167 | Shoals:3 | Bought a potion of heal wounds for 85 gold pieces
 30167 | Shoals:3 | Bought a potion of curing for 51 gold pieces
 30167 | Shoals:3 | Bought a potion of curing for 51 gold pieces
 30167 | Shoals:3 | Bought a potion of curing for 51 gold pieces
 30238 | Shoals:3 | Received a gift from Okawaru
 30558 | Shoals:3 | Received a gift from Okawaru
 30802 | Shoals:4 | Entered Level 4 of the Shoals
 30899 | Shoals:4 | Received a gift from Okawaru
 30941 | Shoals:4 | Reached skill level 9 in Fighting
 31005 | Shoals:4 | Received a gift from Okawaru
 31120 | Shoals:4 | Reached ****** piety under Okawaru
 31132 | Shoals:4 | Received a gift from Okawaru
 31176 | Shoals:4 | Noticed a kraken
 31185 | Shoals:4 | Killed a kraken
 31185 | Shoals:4 | Received a gift from Okawaru
 31246 | Shoals:4 | Got a barnacled rune of Zot
 31298 | Shoals:4 | Reached XP level 18. HP: 133/133 MP: 26/28
 31476 | Shoals:4 | Noticed Polyphemus
 31492 | Shoals:4 | Killed Polyphemus
 31623 | Shoals:4 | Reached skill level 10 in Fighting
 31921 | Shoals:4 | Identified Kuqoita's Guide on Venom and Transformation
 32169 | Shoals:4 | Noticed Roxanne
 32415 | Snake:1  | Entered Level 1 of the Snake Pit
 32638 | Snake:1  | Found the +5 robe of Night {Dark MR+ SInv}
 32681 | Snake:1  | Reached skill level 10 in Armour
 32713 | Snake:1  | Received a gift from Okawaru
 33222 | Snake:1  | Reached skill level 15 in Invocations
 33450 | Snake:1  | Learned a level 2 spell: Blink
 33498 | Snake:2  | Received a gift from Okawaru
 33498 | Snake:2  | Reached skill level 1 in Translocations
 33632 | Snake:2  | Found Funovite's Jewellery Shoppe.
 33968 | Snake:2  | Received a gift from Okawaru
 34157 | Snake:2  | Reached skill level 5 in Translocations
 34594 | Snake:3  | Reached XP level 19. HP: 140/140 MP: 23/31
 34877 | Snake:3  | Noticed Vashnia
 34899 | Snake:3  | Killed Vashnia
 34910 | Snake:3  | Received a gift from Okawaru
 35393 | Snake:3  | Received a gift from Okawaru
 35397 | Snake:3  | Reached skill level 11 in Fighting
 35763 | Snake:4  | Entered Level 4 of the Snake Pit
 36654 | Snake:4  | Reached skill level 12 in Fighting
 36756 | Snake:4  | Reached XP level 20. HP: 153/153 MP: 32/32
 37072 | Snake:4  | Received a gift from Okawaru
 37077 | Snake:4  | Got a bloodstained chain mail {god gift}
 37195 | Snake:4  | Identified the +0 chain mail of the Iron Devil {god gift,
                  | Dex+7} (Okawaru gifted it to you on level 4 of the Snake
                  | Pit)
 37242 | Snake:4  | Got a serpentine rune of Zot
 37565 | Vaults:1 | Entered Level 1 of the Vaults
 38032 | Vaults:1 | Found a runed translucent gate.
 38032 | Vaults:1 | Found a runed translucent gate.
 38032 | Vaults:1 | Found a runed translucent gate.
 38033 | Vaults:1 | Found an opulent altar of Gozag.
 38033 | Vaults:1 | Found Vouxtup's Assorted Antiques.
 38034 | Vaults:1 | Noticed Oginikid's ghost (adept GnGl)
 38232 | Vaults:1 | Reached skill level 13 in Fighting
 39503 | Vaults:2 | Received a gift from Okawaru
 39514 | Vaults:2 | Reached skill level 14 in Fighting
 39955 | Vaults:2 | Received a gift from Okawaru
 39955 | Vaults:2 | Reached XP level 21. HP: 165/165 MP: 31/33
 40072 | Vaults:2 | Found a staircase to the Crypt.
 40355 | Vaults:3 | Noticed Frederick
 40367 | Vaults:3 | Killed Frederick
 40367 | Vaults:3 | Received a gift from Okawaru
 40432 | Vaults:3 | Noticed Rupert
 40439 | Vaults:3 | Killed Rupert
 40449 | Vaults:3 | Reached skill level 15 in Armour
 40457 | Vaults:3 | Reached skill level 15 in Fighting
 40720 | Vaults:3 | Received a gift from Okawaru
 40814 | Vaults:3 | Received a gift from Okawaru
 40844 | Vaults:3 | Received a gift from Okawaru
 41026 | Vaults:3 | Identified the +6 hunting sling "Yteggil" {flame, rF+
                  | Str+3}
 41108 | Vaults:3 | Learned a level 3 spell: Portal Projectile
 41542 | Vaults:3 | Reached skill level 1 in Hexes
 42065 | Vaults:4 | Received a gift from Okawaru
 42463 | Vaults:4 | Reached XP level 22. HP: 170/177 MP: 34/34
 42577 | Vaults:4 | Noticed Mara
 42582 | Vaults:4 | Noticed bmfx's illusion
 42585 | Vaults:4 | Killed Mara
 42585 | Vaults:4 | Reached skill level 5 in Hexes
 42819 | Vaults:4 | Reached skill level 16 in Fighting
 42826 | Vaults:4 | Received a gift from Okawaru
 42866 | Vaults:4 | Identified the +7 crystal plate armour of Existentialism
                  | {god gift, +Blink rElec Int+3 Dex-5} (Okawaru gifted it to
                  | you on level 4 of the Vaults)
 43059 | Vaults:4 | Identified the amulet "Amyrrah" {Faith rC+ Str-2 Stlth+}
 43153 | Vaults:4 | Noticed a golden dragon
 43157 | Vaults:4 | Killed a golden dragon
 43871 | Elf:1    | Entered Level 1 of the Elven Halls
 43871 | Elf:1    | Found Asuri's Weapon Shoppe.
 43997 | Elf:1    | Found a frozen archway.
 44010 | IceCv    | Entered an ice cave
 44709 | Elf:1    | Identified the +1 ring mail of Spite {rF+ MP-9 Str+2} (You
                  | found it on level 1 of the Elven Halls)
 44739 | Elf:1    | Noticed Agnes
 44743 | Elf:1    | Killed Agnes
 44743 | Elf:1    | Received a gift from Okawaru
 44743 | Elf:1    | Reached skill level 10 in Dodging
 45244 | Elf:2    | Received a gift from Okawaru
 45326 | Elf:2    | Reached XP level 23. HP: 166/186 MP: 31/35
 45454 | Elf:2    | Reached skill level 17 in Fighting
 45521 | Elf:2    | Found Ituiplil's Antique Weapon Shop.
 45611 | Elf:2    | Found a runed translucent gate.
 45611 | Elf:2    | Found a runed translucent gate.
 45611 | Elf:2    | Found a runed translucent gate.
 45685 | Elf:3    | Entered Level 3 of the Elven Halls
 46291 | Elf:3    | Received a gift from Okawaru
 46363 | Elf:3    | Received a gift from Okawaru
 46372 | Elf:3    | Identified the +2 helmet of the Marlin {god gift, rPois
                  | rN+} (Okawaru gifted it to you on level 3 of the Elven
                  | Halls)
 46412 | Elf:3    | Identified the Compendium of Intoxication and the Birds
 46420 | Elf:3    | Identified the amulet of Qixomyg {Acrobat *Drain rC++
                  | Int+4} (You found it on level 3 of the Elven Halls)
 46623 | Elf:3    | Identified Sotiom's Collected Works on Displacement and the
                  | Snowflakes
 46627 | Elf:3    | Identified the ring "Nameh" {rPois rF++ rC++ MR+} (You
                  | found it on level 3 of the Elven Halls)
 46634 | Elf:3    | Got an ancient brass ring
 46635 | Elf:3    | Identified the ring "Earthly Heaven" {rF+ Dex+9} (You found
                  | it on level 3 of the Elven Halls)
 47190 | Depths:1 | Entered Level 1 of the Depths
 47430 | Depths:1 | Reached skill level 18 in Fighting
 47433 | Depths:1 | Found a gateway to Hell.
 47864 | Depths:1 | Found Quuf Cos's Serpentskin Sales.
 48068 | Depths:2 | Received a gift from Okawaru
 48071 | Depths:2 | Reached XP level 24. HP: 173/199 MP: 26/35
 48315 | Depths:2 | Got an ichor-stained leather armour
 48421 | Depths:2 | Identified the +7 shortbow "Wonao" {freeze, rPois}
 48468 | Depths:2 | Received a gift from Okawaru
 48491 | Depths:2 | Reached skill level 19 in Fighting
 48499 | Depths:2 | Paralysed by a floating eye for 2 turns
 48718 | Depths:2 | Received a gift from Okawaru
 49073 | Depths:2 | Received a gift from Okawaru
 49074 | Depths:2 | Got a smoking chain mail {god gift}
 49075 | Depths:2 | Identified the +2 chain mail of Zaduch {god gift, Dex+3}
                  | (Okawaru gifted it to you on level 2 of the Depths)
 49078 | Depths:2 | Reached XP level 25. HP: 210/210 MP: 35/35
 49248 | Depths:2 | Found the +6 lightning scales {run, rElec}
 49350 | Depths:2 | Found a runed translucent gate.
 49350 | Depths:2 | Noticed Hexiuplu's ghost (adept SpEn)
 49351 | Depths:2 | Found a runed translucent gate.
 49352 | Depths:2 | Found a runed translucent gate.
 49651 | Depths:3 | Found Fifisk's Magic Scroll Shoppe.
 49654 | Depths:3 | Found Huosohal's Magic Scroll Emporium.
 49654 | Depths:3 | Found Rebu Zip's Gadget Shoppe.
 49662 | Depths:3 | Bought 2 scrolls of fear for 91 gold pieces
 49662 | Depths:3 | Found Upniz's General Store.
 49665 | Depths:3 | Bought a scroll of blinking for 135 gold pieces
 49665 | Depths:3 | Bought a scroll of fear for 63 gold pieces
 49665 | Depths:3 | Bought a scroll of fear for 63 gold pieces
 49674 | Depths:3 | Bought 3 scrolls of acquirement for 2028 gold pieces
 49674 | Depths:3 | Acquired 1220 gold pieces
 49675 | Depths:3 | Acquired a manual of Armour
 49676 | Depths:3 | Acquired 750 gold pieces
 49725 | Depths:3 | Acquired the +1 cloak "Mismemn" {SInv Stlth+}
 49853 | Depths:3 | Reached skill level 20 in Fighting
 49881 | Depths:3 | Found a one-way gate leading to the halls of Pandemonium.
 50194 | Depths:3 | Found a one-way gate to the infinite horrors of the Abyss.
 50196 | Depths:3 | Noticed Louise
 50213 | Depths:3 | Killed Louise
 50278 | Depths:3 | Identified Ycaong's Collected Works on Harmful Black
                  | Rituals
 50323 | Depths:3 | Reached XP level 26. HP: 177/218 MP: 31/35
 50668 | Depths:3 | Identified Sif Muna's Reference Book on Envenoming and the
                  | Frostbite
 51185 | Depths:4 | Noticed Jory
 51188 | Depths:4 | Received a gift from Okawaru
 51207 | Depths:4 | Killed Jory
 51341 | Depths:4 | Received a gift from Okawaru
 51345 | Depths:4 | Got a spiked scale mail {god gift}
 51346 | Depths:4 | Identified the +0 scale mail of Hotet {god gift, rF+}
                  | (Okawaru gifted it to you on level 4 of the Depths)
 51568 | Depths:4 | Reached skill level 15 in Dodging
 52468 | Depths:4 | Got a faintly glowing ring mail
 52523 | Depths:5 | Entered Level 5 of the Depths
 52630 | Depths:5 | Acquired 640 gold pieces
 52718 | Depths:5 | Received a gift from Okawaru
 52747 | Depths:5 | Found a gateway to a ziggurat.
 52888 | Depths:5 | Reached XP level 27. HP: 218/224 MP: 33/35
 52904 | Depths:5 | Received a gift from Okawaru
 52957 | Depths:5 | Found a gate to the Realm of Zot.
 53016 | Depths:5 | Received a gift from Okawaru
 53327 | Depths:5 | Found Veasets's Jewellery Emporium.
 53327 | Depths:5 | Found Susuf's Gadget Boutique.
 53328 | Depths:5 | Found Losoclue's Gadget Boutique.
 53806 | Vaults:5 | Entered Level 5 of the Vaults
 53808 | Vaults:5 | Noticed Sojobo
 53820 | Vaults:5 | Received a gift from Okawaru
 53844 | Vaults:5 | Identified the +2 leather armour "Vaiv" {*Drain rPois MR+
                  | SInv}
 53845 | Vaults:5 | Noticed an ancient lich
 53848 | Vaults:5 | Killed Sojobo
 53876 | Vaults:5 | Received a gift from Okawaru
 54089 | Vaults:5 | Noticed an ancient lich
 54106 | Vaults:5 | Killed an ancient lich
 54167 | Vaults:5 | Received a gift from Okawaru
 54265 | Vaults:5 | Found the +11 plutonium sword {*Contam Stlth-}
 54305 | Vaults:5 | Noticed an ancient lich
 54315 | Vaults:5 | Killed an ancient lich
 54612 | Vaults:5 | Identified the +4 ring mail "Poolobb" {rCorr} (You found it
                  | on level 4 of the Depths)
 54712 | Vaults:5 | Received a gift from Okawaru
 55025 | Vaults:5 | Received a gift from Okawaru
 55026 | Vaults:5 | Found the +8 storm bow {god gift, elec, penet}
 55082 | Vaults:5 | Killed an ancient lich
 55179 | Vaults:5 | Found Neduwaixawk's Distillery.
 55179 | Vaults:5 | Found Casahyipn's Distillery.
 55184 | Vaults:5 | Bought a potion of heal wounds for 90 gold pieces
 55184 | Vaults:5 | Bought 2 potions of heal wounds for 180 gold pieces
 55184 | Vaults:5 | Bought a potion of resistance for 180 gold pieces
 55184 | Vaults:5 | Bought a potion of curing for 54 gold pieces
 55191 | Vaults:5 | Bought a potion of heal wounds for 100 gold pieces
 55191 | Vaults:5 | Bought a potion of resistance for 200 gold pieces
 55191 | Vaults:5 | Bought a potion of heal wounds for 100 gold pieces
 55191 | Vaults:5 | Bought a potion of haste for 200 gold pieces
 55211 | Vaults:5 | Found Buhyopt's Magic Scroll Shoppe.
 55211 | Vaults:5 | Found Qebi's Magic Scroll Boutique.
 55234 | Vaults:5 | Noticed an ancient lich
 55300 | Vaults:5 | Killed an ancient lich
 55300 | Vaults:5 | Received a gift from Okawaru
 55420 | Vaults:5 | Found Zurch's Magic Scroll Emporium.
 55445 | Vaults:5 | Found Louheghu's Magic Scroll Shop.
 55449 | Vaults:5 | Bought a scroll of fear for 70 gold pieces
 55550 | Vaults:5 | Found Isoliywn's Distillery.
 55554 | Vaults:5 | Bought a potion of heal wounds for 50 gold pieces
 55554 | Vaults:5 | Bought a potion of heal wounds for 50 gold pieces
 55554 | Vaults:5 | Bought a potion of curing for 30 gold pieces
 55554 | Vaults:5 | Bought a potion of cancellation for 80 gold pieces
 55554 | Vaults:5 | Bought a potion of invisibility for 80 gold pieces
 55580 | Vaults:5 | Found Hoizion's Food Boutique.
 55791 | Vaults:5 | Identified Sif Muna's Reference Book on Lethal Fire
 55985 | Vaults:5 | Got a silver rune of Zot
 56059 | Vaults:5 | Received a gift from Okawaru
 56623 | Zot:1    | Entered Level 1 of the Realm of Zot
 56817 | Zot:3    | Reached skill level 21 in Fighting
 56977 | Zot:4    | Received a gift from Okawaru
 57094 | Zot:4    | Received a gift from Okawaru
 57418 | Zot:4    | Received a gift from Okawaru
 57852 | Zot:4    | Received a gift from Okawaru
 58147 | Zot:5    | Entered Level 5 of the Realm of Zot
 58391 | Zot:5    | Received a gift from Okawaru
 59153 | Zot:5    | Noticed an ancient lich
 59169 | Zot:5    | Killed an ancient lich
 59176 | Zot:5    | Noticed an ancient lich
 59182 | Zot:5    | Killed an ancient lich
 59182 | Zot:5    | Reached skill level 22 in Fighting
 59325 | Zot:5    | Noticed an orb of fire
 59327 | Zot:5    | Gained mutation: Scrolls take you a little longer to read.
                  | [an orb of fire]
 59339 | Zot:5    | Killed an orb of fire
 59341 | Zot:5    | Noticed a Killer Klown
 59365 | Zot:5    | Received a gift from Okawaru
 59376 | Zot:5    | Killed a Killer Klown
 59411 | Zot:5    | Received a gift from Okawaru
 59425 | Zot:5    | Noticed an ancient lich
 59426 | Zot:5    | Noticed an ancient lich
 59442 | Zot:5    | Killed an ancient lich
 59443 | Zot:5    | Killed an ancient lich
 59443 | Zot:5    | Received a gift from Okawaru
 59480 | Zot:5    | Reached skill level 10 in Evocations
 59573 | Zot:5    | Received a gift from Okawaru
 59586 | Zot:5    | Noticed an ancient lich
 59599 | Zot:5    | Noticed a Killer Klown
 59605 | Zot:5    | Killed an ancient lich
 59607 | Zot:5    | Noticed a Killer Klown
 59611 | Zot:5    | Killed a Killer Klown
 59620 | Zot:5    | Noticed an ancient lich
 59632 | Zot:5    | Killed an ancient lich
 59640 | Zot:5    | Noticed an ancient lich
 59644 | Zot:5    | Noticed an ancient lich
 59649 | Zot:5    | Killed a Killer Klown
 59649 | Zot:5    | Noticed an orb of fire
 59656 | Zot:5    | Killed an ancient lich
 59656 | Zot:5    | Received a gift from Okawaru
 59906 | Zot:5    | Received a gift from Okawaru
 60066 | Zot:5    | Killed an ancient lich
 60066 | Zot:5    | Received a gift from Okawaru
 60066 | Zot:5    | Reached skill level 23 in Fighting
 60084 | Zot:5    | Killed an orb of fire
 60107 | Zot:5    | Noticed an ancient lich
 60111 | Zot:5    | Killed an ancient lich
 60123 | Zot:5    | Identified the +5 longbow of Recklessness {god gift, flame,
                  | *Drain rN+ Str+3} (Okawaru gifted it to you on level 5 of
                  | the Realm of Zot)
 61217 | Shoals:3 | Bought a potion of mutation for 136 gold pieces
 61574 | Vaults:5 | Bought a potion of mutation for 80 gold pieces
 61574 | Vaults:5 | Lost mutation: Scrolls take you a little longer to read.
                  | [potion of mutation]
 61574 | Vaults:5 | Gained mutation: You are clumsy. (Dex -2) [potion of
                  | mutation]
 61574 | Vaults:5 | Gained mutation: You expend magic power (3 MP) to
                  | strengthen your wands. [potion of mutation]
 61574 | Vaults:5 | Gained mutation: Your flesh is heat resistant. (rF+)
                  | [potion of mutation]
 61972 | Zot:5    | Got the Orb of Zot
 62150 | D:15     | Noticed Sudi the pandemonium lord
 62165 | D:15     | Killed Sudi the pandemonium lord
 62165 | D:15     | Received a gift from Okawaru
 62165 | D:15     | Reached skill level 24 in Fighting
 62202 | D:13     | Noticed a seraph
 62224 | D:13     | Killed a seraph
 62224 | D:13     | Received a gift from Okawaru
 62521 | D:2      | Received a gift from Okawaru
 62523 | D:2      | Noticed Ricual the pandemonium lord
 62531 | D:2      | Killed Ricual the pandemonium lord
 62531 | D:2      | Received a gift from Okawaru
 62563 | D:$      | Escaped with the Orb!
